Map: Акрополь РВ

Players

Dolmatt - Winner!

  • Race: Terran Terran
  • League: Platinum
  • Spawn Location: 11:00

PROTOsek

  • Race: Protoss Protoss
  • League: Platinum
  • Spawn Location: 5:00

VOD

Have the link to the VOD?

Description

Time

  • Played on: Sept. 16, 2019, 1:50 p.m.
  • Length: 10:06
Show
View Real Time Build Order
Export as new Build Order

Dolmatt Terran - Winner!

Build Orders: Gas First Reaper Expand, Banshee Rush 

Get SALT Encoding   

  12  0:01  SCV  
  13  0:13  SCV  
  14  0:18  Supply Depot  
  14  0:25  SCV  
  15  0:29  Refinery  
  15  0:39  SCV  
  16  0:46  Barracks  
  16  0:52  SCV  
  17  1:04  SCV  
  18  1:16  SCV  
  18  1:28  SCV  
  19  1:35  Reaper  
  20  1:40  Orbital Command  
  20  1:49  Command Center  
  20  2:02  Factory  
  20  2:07  SCV  
  21  2:10  Refinery  
  21  2:26  Barracks Reactor  
  21  2:30  Supply Depot  
  21  2:31  Bunker  
  21  2:36  SCV  
  22  2:48  SCV  
  22  2:51  Factory Tech Lab  
  23  2:52  Starport  
  23  3:00  SCV  
  23  3:04  Orbital Command  
  24  3:06  Marine  
  24  3:12  SCV  
  26  3:13  Marine  
  27  3:24  SCV  
  28  3:29  Cyclone  
  28  3:31  Starport Tech Lab  
  31  3:38  Supply Depot, SCV x2  
  33  3:50  SCV  
  34  3:56  Marine x2  
  34  3:58  Banshee  
  34  3:59  Cloaking Field  
  34  4:01  Supply Depot, SCV  
  34  4:02  SCV  
  41  4:13  SCV  
  41  4:14  SCV  
  41  4:16  Cyclone  
  46  4:20  Marine x2  
  48  4:24  Supply Depot  
  48  4:25  SCV  
  48  4:26  SCV  
  50  4:37  SCV  
  51  4:39  SCV  
  51  4:41  Barracks  
  52  4:49  SCV  
  52  4:51  Engineering Bay  
  53  4:58  SCV  
  54  5:01  SCV  
  54  5:03  Stimpack  
  55  5:10  SCV  
  55  5:13  Barracks, SCV  
  57  5:17  Barracks  
  57  5:20  Barracks  
  57  5:22  SCV  
  58  5:47  SCV x2  
  57  5:56  Barracks Reactor  
  57  5:57  Supply Depot  
  57  5:59  Supply Depot, SCV x2  
  57  6:03  Barracks  
  59  6:05  Barracks Reactor  
  59  6:06  Barracks Reactor  
  59  6:07  Barracks Reactor, Barracks  
  59  6:11  SCV  
  59  6:16  Medivac x2  
  64  6:21  Supply Depot  
  64  6:23  Supply Depot  
  64  6:24  Refinery  
  64  6:32  Marine x2  
  66  6:34  Marine  
  66  6:37  Supply Depot, Siege Tank  
  70  6:43  Marine x2  
  70  6:44  Marine x2  
  70  6:45  Medivac  
  70  6:46  Marine x2  
  78  6:50  Marine x2  
  78  6:52  Marine  
  78  6:53  Barracks Reactor  
  81  6:56  Barracks Reactor  
  81  7:01  Marine x2  
  81  7:02  Marine x2  
  81  7:04  Marine x2  
  81  7:08  Marine x2  
  89  7:09  Medivac  
  89  7:10  Marine  
  89  7:11  Supply Depot  
  89  7:12  Command Center  
  92  7:16  Combat Shield  
  92  7:19  Marine x2  
  92  7:20  Marine x2  
  92  7:21  Marine  
  92  7:22  Marine  
  98  7:25  Marine  
  98  7:26  Marine  
  98  7:28  Refinery, Marine  
  101  7:33  Marine  
  101  7:34  Marine  
  101  7:36  Marine  
  101  7:37  Marine x2  
  104  7:38  Supply Depot, Marine x2  
  104  7:39  Marine x2  
  104  7:41  Supply Depot, Marine  
  104  7:43  Marine x2  
  113  7:46  Marine  
  113  7:51  Marine x2  
  115  7:54  Marine x2  
  115  7:55  Marine  
  118  7:59  Marine x2  
  119  8:08  Marine  
  119  8:09  Marine x7  
  119  8:12  Marine x2  
  120  8:13  Marine  
  120  8:17  Marine x2  
  106  8:26  Marine x3  
  106  8:27  Marine x5  
  99  8:30  Marine x2  
  99  8:31  Marine  
  107  8:35  Marine x2  
  104  8:44  Marine x7  
  104  8:45  Marine  
  104  8:48  Marine x2  
  111  8:49  Marine  
  111  8:52  Marine x2  
  115  9:02  Marine x7  
  117  9:03  Marine  
  117  9:05  Marine  
  117  9:06  Marine x2  
  120  9:10  Marine x2  
  121  9:20  Marine x8  
  121  9:23  Marine  
  125  9:29  Marine x2  
  125  9:30  Marine x2  
  129  9:37  Marine  
  123  9:41  Marine x7  
Show
View Real Time Build Order
Export as new Build Order

PROTOsek Protoss 

Build Orders: 1 Gate Expand 

Get SALT Encoding   

  12  0:02  Probe  
  14  0:14  Probe  
  14  0:19  Pylon  
  14  0:26  Probe (Chrono Boost)  
  15  0:38  Probe (Chrono Boost)  
  15  0:42  Gateway  
  16  0:46  Probe (Chrono Boost)  
  17  0:52  Probe  
  17  0:53  Assimilator  
  18  1:04  Probe  
  19  1:17  Probe  
  19  1:29  Probe  
  19  1:31  Nexus  
  20  1:41  Cybernetics Core  
  20  1:43  Probe  
  21  1:49  Assimilator  
  21  1:57  Probe  
  22  2:03  Pylon  
  22  2:09  Probe  
  23  2:17  Warp Gate  
  23  2:18  Adept (Chrono Boost)  
  23  2:21  Probe  
  26  2:33  Probe (Chrono Boost)  
  27  2:40  Stalker  
  27  2:41  Robotics Facility  
  29  2:45  Probe (Chrono Boost)  
  31  2:52  Probe (Chrono Boost)  
  31  2:55  Probe (Chrono Boost)  
  32  3:00  Probe (Chrono Boost)  
  33  3:07  Probe  
  33  3:08  Probe  
  35  3:16  Twilight Council  
  35  3:19  Probe (Chrono Boost)  
  36  3:20  Pylon  
  36  3:26  Probe (Chrono Boost), Stalker  
  39  3:29  Probe (Chrono Boost)  
  39  3:32  Observer  
  42  3:34  Probe x2 (Chrono Boost)  
  43  3:45  Probe  
  43  3:46  Probe  
  45  3:57  Probe  
  45  3:58  Probe  
  45  4:01  Templar Archives  
  47  4:07  Gateway  
  47  4:08  Gateway  
  47  4:09  Probe  
  48  4:10  Probe  
  48  4:12  Gateway  
  48  4:14  Assimilator  
  49  4:22  Nexus  
  49  4:26  Observer  
  49  4:27  Probe (Chrono Boost)  
  52  4:34  Probe (Chrono Boost)  
  52  4:35  Stalker  
  54  4:42  Shield Battery  
  54  4:51  Pylon  
  54  5:01  Psionic Storm  
  54  5:07  Pylon  
  54  5:09  Probe x2  
  54  5:11  Gateway, Pylon x2  
  54  5:12  Pylon  
  54  5:13  Gateway  
  56  5:16  Observer (Chrono Boost)  
  57  5:21  Probe  
  55  5:45  Stalker  
  55  5:46  Stalker x3  
  62  5:54  Shield Battery  
  62  5:55  Probe x3  
  65  6:07  Probe x3  
  65  6:09  Assimilator  
  68  6:15  Pylon  
  68  6:17  Stalker x3  
  68  6:18  Stalker x2  
  78  6:19  Probe x3  
  81  6:31  Probe x3  
  84  6:35  Robotics Facility  
  84  6:39  Robotics Bay  
  84  6:41  Forge  
  84  6:42  Forge  
  84  6:43  Probe x2  
  84  6:44  Probe  
  87  6:53  Pylon  
  87  6:55  Probe  
  87  6:56  Pylon, Probe x2  
  87  6:58  Stalker x2  
  87  7:00  Stalker  
  96  7:04  Shield Battery  
  96  7:18  High Templar x2  
  100  7:31  Probe x3  
  100  7:32  Assimilator  
  100  7:34  Assimilator, Charge (Chrono Boost)  
  103  7:38  Pylon  
  103  7:40  Pylon  
  103  7:42  Pylon  
  103  7:44  High Templar  
  103  7:47  Zealot x2  
  103  7:48  Zealot  
  83  8:20  Zealot  
  83  8:21  Zealot x3  
  83  8:22  Zealot x2  
  62  8:42  Colossus (Chrono Boost)  
  62  8:47  Zealot x3  
  62  8:48  Zealot x3  
  48  9:09  Zealot x3  
  37  9:10  Zealot x2  
  37  9:11  Zealot  
  35  9:40  Zealot x3  
  35  9:41  Zealot x3  
Tags
 
Add a new tag
Caveats
  • Supply blocks, unpowered buildings, or Contaminate may cause inaccurate times.
  • Supply counts are checked every 10 seconds.